 Dungeon Crawl Stone Soup version 0.21-a0-151-ga4fe563 (webtiles) character file.

43 KristoblXynda the Charmwright (level 3, -2/29 HPs)
             Began as a Draconian Skald on July 30, 2017.
             Slain by Natasha (6 damage)
             ... on level 2 of the Dungeon.
             The game lasted 00:02:07 (1044 turns).

KristoblXynda the Charmwright (Draconian Skald)     Turns: 1044, Time: 00:02:08

Health: -2/29      AC:  5    Str: 13    XL:     3   Next: 37%
Magic:  6/6        EV: 12    Int: 14    God:
Gold:   132        SH:  0    Dex: 10    Spells: 2/6 levels left

rFire    . . .     SeeInvis .   a - +0 falchion
rCold    . . .     Gourm    .   (no shield)
rNeg     . . .     Faith    .   (armour unavailable)
rPois    .         Spirit   .   (helmet restricted)
rElec    .         Reflect  .   (no cloak)
rCorr    .         Harm     .   (no gloves)
MR       .....                  (no boots)
Stlth    +.........             (no amulet)
HPRegen  0.09/turn              (no ring)
MPRegen  0.10/turn              (no ring)

@: slowed, drained, very slow
A: unfitting armour, cold-blooded, AC +5
a: no special abilities


You were on level 2 of the Dungeon.
You were hungry.

You visited 1 branch of the dungeon, and saw 2 of its levels.

You collected 132 gold pieces.

Inventory:

Hand Weapons
 a - a +0 falchion (weapon)
Scrolls
 d - 3 scrolls of immolation {unknown}
 e - a scroll of enchant armour {unknown}
 f - 3 scrolls of remove curse {unknown}
 j - a scroll of noise {unknown}
 k - a scroll of teleportation {unknown}
 l - a scroll of fog {unknown}
 o - a scroll of identify {unknown}
Potions
 g - a potion of berserk rage {unknown}
 h - 3 potions of curing {unknown}
 i - a potion of might {unknown}
 m - a potion of cancellation {unknown}
 p - a potion of lignification
 q - a potion of mutation {unknown}
Books
 b - a book of Battle

   Spells                             Type                      Level
   a - Infusion                       Charms                       1
   b - Shroud of Golubria             Charms/Translocation         2
   c - Song of Slaying                Charms                       2
   d - Spectral Weapon                Hexes/Charms                 3
   e - Regeneration                   Charms/Necromancy            3
Comestibles
 c - a bread ration
 n - a royal jelly


   Skills:
 - Level 2.1(1.7) Fighting
 + Level 2.9(2.5) Long Blades
 + Level 2.7(2.3) Dodging
 - Level 2.0(1.5) Spellcasting
 + Level 3.0(2.6) Charms


You had 2 spell levels left.
You knew the following spells:

 Your Spells              Type           Power        Failure   Level  Hunger
a - Infusion              Chrm           #...         9%          1    ##.....
b - Regeneration          Chrm/Necr      #.........   41%         3    ####...


Dungeon Overview and Level Annotations

Branches:
Dungeon (2/15)

Altars:

Annotations:
D:2 Natasha


Innate Abilities, Weirdness & Mutations

Your plain brown scales are hard. (AC +5)
You cannot fit into any form of body armour.
You are cold-blooded and may be slowed by cold attacks.


Message History

Natasha stares at you and mumbles some strange words.
The magic dart hits you!
You closely miss the goblin. The goblin hits you but does no damage.
You feel drained.
Natasha extends her claws.
Natasha howls an incantation.
Natasha's front paws start to glow.
The goblin hits you but does no damage.
You feel drained.
You hit the goblin.
You kill the goblin!
Natasha claws you.
You completely miss Natasha.
Natasha is severely wounded.
Natasha closely misses you. Natasha claws you!
* * * LOW HITPOINT WARNING * * *
You barely miss Natasha.
You tail-slap Natasha, but do no damage.
Natasha is severely wounded.
Natasha claws you.
You die...

#.#.......###.##.........
#.#........##............
#.#........##.......###..
#.#........##.......###..
#.#......................
#.#......................
#........................
########....#.###>.......
#.h@................
##'####.#............ #...#
#.#####........
#.#####...###.# #........
#..........##+#####........
#..................#....)...
##.#####......[.......######
#...........#...#####
#...........#........


You could see Natasha.

Vanquished Creatures
  An adder (D:2)
  A dart slug (D:1)
  3 giant cockroaches
  5 goblins
  A hobgoblin (D:1)
  6 jackals (D:1)
  A ball python (D:2)
  7 bats
  2 frilled lizards (D:1)
  2 kobolds (D:1)
  2 rats (D:1)
31 creatures vanquished.

Notes
Turn   | Place    | Note
-------+----------+-------------------------------------------
     0 | D:1      | KristoblXynda the Draconian Skald began the quest for the Orb.
     0 | D:1      | Reached XP level 1. HP: 17/17 MP: 3/3
   103 | D:1      | Reached XP level 2. HP: 20/24 MP: 5/5
   510 | D:1      | Reached XP level 3. HP: 20/29 MP: 6/6
   702 | D:1      | Learned a level 3 spell: Regeneration
   876 | D:2      | Reached skill level 3 in Charms
  1030 | D:2      | Noticed Natasha
  1044 | D:2      | Slain by Natasha

Vault maps used:
D:1:      minmay_arrival_wavy_path
D:2:      lemuel_round_altar, uniq_natasha

Skill      XL: |  1  2  3 |
---------------+----------+-----
Charms         | 3 |  3.0
Fighting       | |  2.1
Long Blades    | |  2.9
Dodging        | |  2.7
Spellcasting   | |  2.0

Action                   || total
-------------------------++-------
Melee: Falchion          ||    75
       Tailslap          ||     9
  Use: Potion            ||     1
Armor: Skin              ||    51
Dodge: Dodged            ||    90
       Rpst.: Falchion   ||    30
